 Dungeon Crawl Stone Soup version 0.19-a0-926-g4486784 (webtiles) character file.

67 Jaxo the Covered (level 4, -2/35 HPs)
             Began as a Human Fighter on July 6, 2016.
             Slain by a gnoll
             ... wielding a cursed +0 spear
              (4 damage)
             ... on level 2 of the Dungeon.
             The game lasted 00:02:15 (1247 turns).

Jaxo the Covered (Human Fighter)                    Turns: 1247, Time: 00:02:16

Health: -2/35      AC:  7    Str: 22    XL:     4   Next: 38%
Magic:  4/4        EV:  8    Int: 10    God:
Gold:   164        SH:  9    Dex: 13    Spells: 0 memorised, 3 levels left

rFire  + . .     SeeInvis .     a - +0 trident
rCold  . . .     Gourm    .     b - +0 scale mail
rNeg   . . .     Faith    .     c - +0 shield
rPois  .         Spirit   .     (no helmet)
rElec  .         Dismiss  .     (no cloak)
rCorr  .         Reflect  .     (no gloves)
SustAt .         Harm     .     (no boots)
MR     .....                    (no amulet)
Stlth  ..........               (no ring)
                                (no ring)

@: mighty, lethally poisoned (-2 -> -31), not resistant to hostile enchantments,
extremely unstealthy
A: blurry vision 1, clever 1, fire resistance 1
a: no special abilities


You were on level 2 of the Dungeon.
You were not hungry.

You visited 1 branch of the dungeon, and saw 2 of its levels.

You collected 164 gold pieces.

Inventory:

Hand Weapons
 a - a +0 trident (weapon)
Armour
 b - a +0 scale mail (worn)
 c - a +0 shield (worn)
Scrolls
 e - a scroll of noise {unknown}
 h - a scroll of immolation {unknown}
 i - a scroll of fear {unknown}
 j - a scroll of identify {unknown}
 l - a scroll of blinking {unknown}
Potions
 k - a potion of cure mutation {unknown}
Comestibles
 f - 4 bread rations


   Skills:
 + Level 3.4 Fighting
 + Level 2.2 Polearms
 + Level 3.7 Armour
 + Level 1.0 Dodging
 + Level 3.6 Shields


You had 3 spell levels left.
You didn't know any spells.

Dungeon Overview and Level Annotations

Branches:
Dungeon (2/15)

Altars:
Kikubaaqudgha
Okawaru


Innate Abilities, Weirdness & Mutations

Scrolls take you a little longer to read.
Your mind is acute. (Int +2)
Your flesh is heat resistant. (rF+)


Message History

You impale the gnoll!!
You kill the gnoll!
Your Dodging skill increases to level 1!
You feel very sick. You block the gnoll's attack.
* * * LOW HITPOINT WARNING * * *
You feel very sick. You block the gnoll's attack. The gnoll barely misses you.
You block the gnoll's attack.
Things that are here:
a spear of venom; a throwing net You puncture the gnoll!
The gnoll is almost dead.
* * * LOW HITPOINT WARNING * * *
You feel very sick. You block the gnoll's attack.
The gnoll hits you from afar with a halberd.
* * * LOW HITPOINT WARNING * * *
The gnoll hits you from afar with a spear.
You die...

#######
.......
###...#...
#.....g...
#.#.g.#...
#ggg......
#g###########
###
#@#########.#
#.#
#.(.........#
#.#
###########.#
#.# #.# #..
#.######
#.......
#.######
#.######
#....†.#


You could see 3 gnolls.

Vanquished Creatures
  A gnoll (D:2)
  An ooze (D:1)
  3 giant geckos
  2 giant cockroaches (D:1)
  4 hobgoblins
  3 jackals (D:2)
  12 kobolds
  A quokka (D:2)
  A ball python (D:1)
  5 bats
  4 giant newts
  6 goblins
  7 rats
50 creatures vanquished.

Notes
Turn   | Place    | Note
-------+----------+-------------------------------------------
     0 | D:1      | Jaxo the Human Fighter began the quest for the Orb.
     0 | D:1      | Reached XP level 1. HP: 18/18 MP: 1/1
   101 | D:1      | Reached XP level 2. HP: 23/24 MP: 2/2
   287 | D:1      | Reached XP level 3. HP: 29/29 MP: 3/3
   752 | D:2      | Found an ancient bone altar of Kikubaaqudgha.
   861 | D:2      | Reached XP level 4. HP: 34/35 MP: 4/4
   996 | D:2      | Found an iron altar of Okawaru.
  1236 | D:2      | Gained mutation: Scrolls take you a little longer to read. [potion of mutation]
  1236 | D:2      | Gained mutation: Your mind is acute. (Int +2) [potion of mutation]
  1236 | D:2      | Gained mutation: Your flesh is heat resistant. (rF+) [potion of mutation]
  1245 | D:2      | Reached skill level 1 in Dodging
  1247 | D:2      | Slain by a gnoll

Vault maps used:
D:1:      dpeg_arrival_subterranean_lakeside_camping, minmay_misc_feat_plants
D:2:      lemuel_doored_altar, lemuel_coloured_pillars_altar,
          minmay_misc_feat_square, kennysheep_okawaru_gauntlet

Skill      XL: |  1  2  3  4 |
---------------+-------------+-----
Dodging        | 1 |  1.0
Fighting       | |  3.4
Polearms       | |  2.2
Armour         | |  3.7
Shields        | |  3.6

Action                   |  1- 3 |  4- 6 || total
-------------------------+-------+-------++-------
Melee: Trident           |   147 |    39 ||   186
  Use: Potion            |       |     2 ||     2
  Eat: Pizza             |       |     1 ||     1
Armor: Scale mail        |    41 |    15 ||    56
Dodge: Dodged            |    34 |    17 ||    51
Block: Shield            |    55 |    23 ||    78
